 Dungeon Crawl Stone Soup version 0.28-a0-1235-g7c8fac35f0 (webtiles) character file.

Game seed: 7410425960217262569

0 Gargoyl the Skirmisher (level 1, -11/23 HPs)
             Began as a Gnoll Abyssal Knight on Dec 25, 2021.
             Was a Follower of Lugonu.
             Mangled by a small abomination (13 damage)
             ... on level 2 of the Abyss.
             The game lasted 00:00:15 (54 turns).

Gargoyl the Skirmisher (Gnoll Abyssal Knight)         Turns: 54, Time: 00:00:16

Health: -11/23     AC:  3    Str: 12    XL:     1   Next: 0%
Magic:  3/3        EV: 12    Int:  9    God:    Lugonu [*.....]
Gold:   0          SH:  0    Dex: 12    Spells: 0/0 levels left

rFire   . . .      SeeInvis .   a - +1 hand axe
rCold   . . .      Faith    .   (no shield)
rNeg    . . .      Spirit   .   b - +0 leather armour
rPois   .          Reflect  .   (no helmet)
rElec   .          Harm     .   (no cloak)
rCorr   .          Rampage  .   (no gloves)
Will    .....                   (no boots)
Stlth   +.........              (no amulet)
HPRegen 0.07/turn               (no ring)
MPRegen 0.08/turn               (no ring)

@: no status effects
A: fangs 1, strong nose, distributed training
a: Renounce Religion, Depart the Abyss


You were on level 2 of the Abyss.
You worshipped Lugonu.
Lugonu was aware of your devotion.
You visited 0 branches of the dungeon, and saw 0 of its levels.
You visited the Abyss 1 time.

Inventory:

Hand Weapons
 a - a +1 hand axe (weapon)
Armour
 b - a +0 leather armour (worn)


   Skills:
 + Level 6.4 Fighting
 + Level 0.0 Short Blades
 + Level 0.0 Long Blades
 + Level 4.4 Axes
 + Level 0.0 Maces & Flails
 + Level 0.0 Polearms
 + Level 0.0 Staves
 + Level 0.0 Slings
 + Level 0.0 Bows
 + Level 0.0 Crossbows
 + Level 0.0 Throwing
 + Level 4.4 Armour
 + Level 2.3 Dodging
 + Level 0.0 Stealth
 + Level 0.0 Shields
 + Level 0.0 Unarmed Combat
 + Level 0.0 Spellcasting
 + Level 0.0 Conjurations
 + Level 0.0 Hexes
 + Level 0.0 Summonings
 + Level 0.0 Necromancy
 + Level 0.0 Translocations
 + Level 0.0 Transmutations
 + Level 0.0 Fire Magic
 + Level 0.0 Ice Magic
 + Level 0.0 Air Magic
 + Level 0.0 Earth Magic
 + Level 0.0 Poison Magic
 + Level 4.4 Invocations
 + Level 0.0 Evocations


You couldn't memorise any spells.
You didn't know any spells.
Your spell library was empty.

Dungeon Overview and Level Annotations

Branches:
Dungeon (0/15)

Altars:


Innate Abilities, Weirdness & Mutations

You have very sharp teeth.
Your uncanny sense of smell can sniff out nearby items.
Your experience applies equally to all skills.


Message History

Welcome, Gargoyl the Gnoll Abyssal Knight.
The heart of this dungeon contains the incredible artefact, the Orb of Zot.
Lugonu says: Depart the Abyss and spread corruption, my servant! (use the ability menu to exit the Abyss) Press ? for a list of commands and other information.
Found a robe.
Found a corrupted altar of Lugonu.
Unknown command.
Press < or > to pray at altars.
You enter the shallow water.
Moving in this stuff is going to be slow.
Found a gateway leading deeper into the Abyss.
There is a corrupted altar of Lugonu here.
You enter the shallow water.
Moving in this stuff is going to be slow.
Found a gateway leading out of the Abyss.
Found a gateway leading deeper into the Abyss.
There is a gateway leading deeper into the Abyss here.
You plunge deeper into the Abyss.
Found 25 arrows.
Found an iron altar of Okawaru.
Found a gateway leading out of the Abyss.
You aren't carrying any scrolls.
Found 23 sling bullets.
Found a corrupted altar of Lugonu.
There is an iron altar of Okawaru here.
There is a gateway leading out of the Abyss here.
c - a metallic sapphire potion A tentacled starspawn comes into view.
A tentacled starspawn is nearby!
It was a potion of heal wounds.
You feel much better.
A small abomination comes into view.
The small abomination hits you!
The small abomination closely misses you.
The small abomination barely misses you.
The small abomination hits you!
Ouch! That really hurt!
* * * LOW HITPOINT WARNING * * *
A tentacled starspawn comes into view.
A tentacle flies out from the starspawn's body! x2
The small abomination hits you!
Ouch! That really hurt!
You die...

##≈≈......§§≈≈§.
##≈≈.......§≈#..#
##≈≈..X....§#§.. .
##≈≈....w§§§≈§.§§..
#≈≈......§§§≈§§§§≈.
≈≈.......§§≈§§§≈§≈≈
≈...#.....§.§.§....
......#............
..........x@.......
≈ ≈≈≈≈≈≈≈≈≈≈≈≈≈≈≈≈≈
#########.#########
#.. w... #X##.. #.
#. ..


You could see 2 tentacled starspawn, a small abomination and 2 starspawn
tentacles.

Vanquished Creatures (others)
  2 starspawn tentacles (Abyss:2)
2 creatures vanquished.

Notes
Turn   | Place    | Note
-------+----------+-------------------------------------------
     0 | Abyss:1  | Gargoyl the Gnoll Abyssal Knight began the quest for the
                  | Orb.
     0 | Abyss:1  | Reached XP level 1. HP: 23/23 MP: 3/3
    16 | Abyss:2  | Found an iron altar of Okawaru.
    17 | Abyss:2  | Found a corrupted altar of Lugonu.
    34 | Abyss:2  | Noticed a tentacled starspawn
    36 | Abyss:2  | Noticed a small abomination
    53 | Abyss:2  | HP: 1/23 [small abomination (14)]
    53 | Abyss:2  | Noticed a tentacled starspawn
    54 | Abyss:2  | Mangled by a small abomination

Illustrated notes

Levels and vault maps discovered:
Abyss:2:  base:
Temple

Action                   || total
-------------------------++-------
  Use: Potion            ||     1
Dodge: Dodged            ||     2

Table legend: (Time is in decaauts)
 A = Elapsed time spent in this place.
 B = Non-inter-level travel time spent in this place.
 C = Inter-level travel time spent in this place.
 D = Time resting spent in this place.
 E = Time spent auto-exploring this place.
 F = Levels seen in this place.
 G = Mean time per level.
                   A        B        C        D        E       F      G
               +--------+--------+--------+--------+--------+-----+--------+
         Total |     56 |     56 |      0 |      0 |     19 |   2 |   28.0 |
         Abyss |     56 |     56 |      0 |      0 |     19 |   2 |   28.0 |
               +--------+--------+--------+--------+--------+-----+--------+

Top non-repeatable levels by time:
 Abyss:2: 37 daAuts
 Abyss:1: 19 daAuts
